AoeStats
← ecerva.27

Arena

508896013Analyzed
2v2 RM · 8d ago on Sep 24, 2026· 59m 1s· 4 players
Game mode
Random Map
Map size
Medium (4 player)
Population
200
Speed
Normal
Resources
Standard
Victory
Conquest
Starting age
Dark Age
Ending age
Imperial Age
RankedLock teamsTeams togetherTeam positionsShared explorationLock speedFull tech treeHidden civsTurbo modeCheats
Victory
Defeat
🇬🇧 Mongols · United Kingdom
1203
+16
🇲🇽 Varangians · Mexico
1191
+16
🇨🇳 Varangians · China
1249
-19
🇨🇳 Britons · China
1136
-13
ecerva.27
11:03 Feudal Age
14:58 Castle Age
13:04 Double-Bit Axe
15:08 Bloodlines
15:26 Loom
17:48 Light Cavalry
22:54 Wheelbarrow
22:17 Horse Collar
24:18 Scale Barding Armor
24:32 Heavy Plow
25:13 Forging
26:20 Fletching
27:05 Iron Casting
28:11 Hand Cart
28:42 Chain Barding Armor
28:41 Bodkin Arrow
34:45 Imperial Age
35:32 Husbandry
35:48 Cavalier
38:41 Plate Barding Armor
42:58 Blast Furnace
43:40 Gold Mining
45:14 Stone Mining
48:37 Conscription
53:55 Stone Shaft Mining
56:23 Vendel Legacy
57:09 Hussar
Billeybowb
9:06 Feudal Age
10:25 Wheelbarrow
9:38 Double-Bit Axe
9:35 Horse Collar
16:34 Castle Age
17:34 Hand Cart
17:32 Bow Saw
24:37 Stone Mining
27:58 Fletching
28:09 Padded Archer Armor
28:57 Bodkin Arrow
29:52 Heavy Plow
33:06 Imperial Age
30:39 Town Watch
30:40 Loom
31:11 Gold Mining
32:11 Leather Archer Armor
32:27 Thumb Ring
32:16 Elite Skirmisher
33:11 Bloodlines
33:01 Husbandry
33:41 Ballistics
34:57 Bracer
38:40 Hoardings
37:26 Elite Mangudai
39:11 Conscription
42:15 Parthian Tactics
42:02 Forging
41:58 Scale Barding Armor
43:37 Chemistry
44:17 Masonry
44:13 Siege Engineers
45:29 Iron Casting
45:14 Chain Barding Armor
51:38 Light Cavalry
58:19 Hussar
60:15 Blast Furnace
只想搞事
10:34 Feudal Age
14:17 Castle Age
12:48 Double-Bit Axe
13:21 Horse Collar
15:31 Bloodlines
24:49 Bloodlines
24:40 Husbandry
27:30 Scale Barding Armor
27:35 Forging
27:53 Bow Saw
28:43 Chain Barding Armor
33:23 Wheelbarrow
32:51 Heavy Plow
37:02 Imperial Age
35:07 Gold Mining
35:07 Stone Mining
35:57 Iron Casting
36:10 Fletching
36:20 Padded Archer Armor
36:00 Elite Skirmisher
37:15 Elite Jarl
38:34 Plate Barding Armor
38:59 Blast Furnace
39:31 Conscription
39:02 Cranequins
39:44 Bodkin Arrow
40:04 Leather Archer Armor
41:35 Bracer
42:06 Ring Archer Armor
43:14 Ballistics
43:55 Chemistry
43:36 Heavy Mounted Crossbowman
56:58 Cavalier
57:14 Vendel Legacy
ZHAOPENGFEI
10:26 Feudal Age
14:36 Castle Age
12:35 Double-Bit Axe
19:48 Bow Saw
20:08 Loom
23:20 Horse Collar
25:04 Heavy Plow
28:28 Imperial Age
27:37 Wheelbarrow
27:00 Gold Mining
28:30 Fletching
29:20 Forging
29:08 Bodkin Arrow
29:49 Ballistics
30:29 Chemistry
31:22 Two-Man Saw
31:23 Bracer
32:06 Padded Archer Armor
32:34 Yeomen
31:52 Elite Longbowman
33:07 Leather Archer Armor
35:54 Ring Archer Armor
41:53 Warwolf
45:50 Siege Engineers
51:13 Crossbowman
51:18 Elite Skirmisher
55:24 Light Cavalry
58:28 Pikeman
Connection lost

Rejoining the realm…

Still unreachable

The connection could not be restored.

Session expired

The server has moved on; the page needs a fresh start.